 Dungeon Crawl Stone Soup version 0.30-a0-187-gd9c2deaf24 (webtiles) character file.

Game seed: 15542219385994713384

130 pokeman the Magician (level 4, -5/25 HPs)
             Began as a Deep Elf Hedge Wizard on Oct 3, 2022.
             Was an Initiate of Vehumet.
             Killed by nerve-wracking pain
             ... invoked by Grinder
              (12 damage)
             ... on level 3 of the Dungeon.
             The game lasted 00:07:03 (3849 turns).

pokeman the Magician (Deep Elf Hedge Wizard)        Turns: 3849, Time: 00:07:04

Health: -5/25      AC:  5    Str:  7    XL:     4   Next: 89%
Magic:  5/13       EV: 12    Int: 21    God:    Vehumet [......]
Gold:   188        SH:  0    Dex: 14    Spells: 2/14 levels left

rFire   . . .      SeeInvis .    s - +0 dagger (drain)
rCold   . . .      Faith    .    (no shield)
rNeg    . . .      Spirit   .    m - +0 leather armour
rPois   .          Reflect  .    c - +0 hat
rElec   .          Harm     .    (no cloak)
rCorr   .          Rampage  .    l - +0 pair of gloves
Will    .....                    e - +0 pair of boots
Stlth   ++........               p - amulet of the acrobat
HPRegen 0.24/turn                r - ring of wizardry
MPRegen 0.13/turn                (no ring)

@: very slightly contaminated
A: no striking features
a: Renounce Religion


You were on level 3 of the Dungeon.
You worshipped Vehumet.
Vehumet was noncommittal.
You visited 1 branch of the dungeon, and saw 4 of its levels.

You collected 188 gold pieces.

Inventory:

Hand Weapons
 s - a +0 dagger of draining (weapon)
Missiles
 a - 2 throwing nets
Armour
 c - a +0 hat (worn)
 e - a +0 pair of boots (worn)
 l - a +0 pair of gloves (worn)
 m - a +0 leather armour (worn)
Jewellery
 p - an amulet of the acrobat (around neck)
 r - a ring of wizardry (left hand)
Scrolls
 f - 2 scrolls of poison {unknown}
 h - a scroll of enchant weapon {unknown}
 i - a scroll of enchant armour {unknown}
 j - 2 scrolls of identify {unknown}
 k - a scroll of amnesia {unknown}
 n - 4 scrolls of fear {unknown}
 q - 3 scrolls of blinking {unknown}
 u - a scroll of immolation {unknown}
Potions
 b - 2 potions of berserk rage {unknown}
 d - a potion of magic
 g - 2 potions of might {unknown}
 o - a potion of mutation {unknown}
 t - 2 potions of heal wounds {unknown}


   Skills:
 - Level 1.3 Fighting
 - Level 1.0 Armour
 - Level 3.0 Dodging
 + Level 2.4 Stealth
 * Level 5.9 Spellcasting
 + Level 2.4 Conjurations
 - Level 1.1 Summonings
 - Level 1.1 Translocations
 + Level 0.2 Fire Magic


You had 2 spell levels left.
You knew the following spells:

 Your Spells              Type           Power      Damage    Failure   Level
a - Magic Dart            Conj           64%        1d6       2%          1
b - Mephitic Cloud        Conj/Pois/Air  9%         N/A       12%         3
c - Call Imp              Summ           10%        N/A       6%          2
d - Blink                 Tloc           20%        N/A       6%          2
e - Flame Wave            Conj/Fire      11%        2d6       32%         4

Your spell library contained the following spells:

 Spells                   Type           Power      Damage    Failure   Level
 Kiss of Death            Conj/Necr      44%        2d8       3%          1
 Searing Ray              Conj           32%        2d5       3%          2
 Slow                     Hex            24%        N/A       6%          1
 Cigotuvi's Dreadful Rot  Necr/Pois/Air  12%        N/A       9%          2
 Scorch                   Fire           14%        2d6       9%          2
 Confusing Touch          Hex            6%         N/A       17%         3
 Fulminant Prism          Conj/Hex       5%         3d7       32%         4
 Dispel Undead            Necr           6%         3d8       47%         4
 Summon Cactus Giant      Summ           5%         N/A       99%         6


Dungeon Overview and Level Annotations

Branches:
Dungeon (4/15)
 Temple: D:4-7

Altars:
Vehumet
Zin

Annotations:
D:3 Grinder
D:4 Edmund


Message History

Grinder is lightly wounded. (Press . to intensify the flame waves.) Grinder barely misses you.
Unknown command.
A wave of flame ripples out!
The flame wave engulfs Grinder.
Grinder is moderately wounded.
Grinder blinks!
Unknown command.
You climb upwards.
There is a stone staircase leading down here.
You start resting.
Your magical contamination has completely faded away.
You start resting.
Magic restored.
You climb downwards.
Level annotation: Grinder
There is a stone staircase leading up here.
Unknown command.
Grinder says, "There's only one good use for a tongue: cutting it out."
Casting: Flame Wave (astonishingly dangerous; 32% risk of failure)
Confirm with . or Enter, or press ? or * to list all spells.
The spell is astonishingly dangerous to miscast (32% risk of failure)!
Continue anyway?
Casting: Flame Wave (astonishingly dangerous; 32% risk of failure)
Press: ? - help, Dir - look around, f - activate You miscast Flame Wave.
You are very lightly contaminated with residual magic.
Strange energies run through your body! Grinder hits you!
* * * LOW HITPOINT WARNING * * *
Unknown command.
Casting: Flame Wave (astonishingly dangerous; 32% risk of failure)
Confirm with . or Enter, or press ? or * to list all spells.
The spell is astonishingly dangerous to miscast (32% risk of failure)!
Continue anyway?
Casting: Flame Wave (astonishingly dangerous; 32% risk of failure)
Press: ? - help, Dir - look around, f - activate A wave of flame ripples out!
The flame wave engulfs Grinder.
Grinder is lightly wounded. (Press . to intensify the flame waves.) Grinder gestures at you.
Pain shoots through your body!
You die...

###.......##.#.#_'....# #.# #
...).....###.#.#.#..8.# #.###
#####...## #...###....# #....
###.# ###..#..8..# ####. ## ##+##
##.....#.# #.... .# ##...##
#####...# #.### .# ##.....##
#####.#######.### .###.......##
##.###.##.........
.##.........####@5.##.##.####.###
..'.........'.......)....# #....
.##.........####...##.##.# ##....
.###.......## ##.###.##.###.....
.# ##.....## ###.........._... .#
##...## #.......#.....## .# ##'##
#.....ยง.#....## .# #.#
#.......#....# .######.#
##......####.###


You could see Grinder.

Vanquished Creatures
  3 gnolls (D:3)
  3 adders
  4 worms
  2 dart slugs
  4 ball pythons
  5 bats
  4 endoplasms
  5 giant cockroaches
  11 goblins
  3 hobgoblins
  2 quokkas
  5 frilled lizards
  3 kobolds
  6 rats
60 creatures vanquished.

Notes
Turn   | Place    | Note
-------+----------+-------------------------------------------
     0 | D:1      | pokeman the Deep Elf Hedge Wizard began the quest for the
                  | Orb.
     0 | D:1      | Reached XP level 1. HP: 10/10 MP: 7/7
   558 | D:1      | Found a faded altar of an unknown god.
   684 | D:1      | Reached XP level 2. HP: 16/16 MP: 4/9
  1124 | D:2      | Reached skill level 5 in Spellcasting
  1460 | D:2      | Reached XP level 3. HP: 20/20 MP: 5/11
  1464 | D:2      | Learned a level 3 spell: Mephitic Cloud
  1467 | D:2      | Learned a level 2 spell: Call Imp
  1470 | D:2      | Learned a level 2 spell: Blink
  2161 | D:3      | Found a radiant altar of Vehumet.
  2164 | D:3      | Reached skill level 1 in Armour
  2169 | D:3      | Became a worshipper of Vehumet
  2196 | D:3      | Reached skill level 1 in Fighting
  2242 | D:3      | Reached XP level 4. HP: 19/25 MP: 1/13
  2438 | D:3      | Noticed Grinder
  3176 | D:3      | Found a glowing silver altar of Zin.
  3493 | D:3      | Learned a level 4 spell: Flame Wave
  3657 | D:4      | Noticed Edmund
  3718 | D:3      | Paralysed by Grinder for 5 turns
  3849 | D:3      | Killed from afar by Grinder

Illustrated notes

Levels and vault maps discovered:
D:1:      dpeg_arrival_rooms_a, layout_basic,
          hellmonk_ecumenical_altar_heavens_door, serial_bayou_pond_c
D:2:      layout_basic
D:3:      layout_loops_corners, zin_statuary, nicolae_overflow_crystal_walls,
          uniq_grinder
D:4:      layout_gridville, grunt_ministairs_14, minmay_misc_feat_more_columns,
          grunt_decor_fettered, uniq_edmund

Skill      XL: |  1  2  3  4 |
---------------+-------------+-----
Spellcasting   | 5 |  5.9
Armour         | 1 |  1.0
Fighting       | 1 |  1.3
Conjurations   | 2 |  2.4
Dodging        | 3 |  3.0
Stealth        | |  2.4
Summonings     | |  1.1
Translocations | |  1.1
Fire Magic     | |  0.2

Action                   |  1- 3 |  4- 6 || total
-------------------------+-------+-------++-------
Melee: Dagger            |    14 |     9 ||    23
 Cast: Magic Dart        |   104 |    56 ||   160
       Mephitic Cloud    |     2 |     3 ||     5
       Call Imp          |     1 |     2 ||     3
       Flame Wave        |       |     4 ||     4
 Stab: Confused          |     1 |     2 ||     3
Armor: Robe              |     4 |       ||     4
       Leather armour    |     5 |     5 ||    10
Dodge: Dodged            |    24 |    33 ||    57

Table legend: (Time is in decaauts)
 A = Elapsed time spent in this place.
 B = Non-inter-level travel time spent in this place.
 C = Inter-level travel time spent in this place.
 D = Time resting spent in this place.
 E = Time spent auto-exploring this place.
 F = Levels seen in this place.
 G = Mean time per level.
                   A        B        C        D        E       F      G
               +--------+--------+--------+--------+--------+-----+--------+
         Total |   3857 |   3666 |    191 |    224 |   2829 |   4 |  964.2 |
       Dungeon |   3857 |   3666 |    191 |    224 |   2829 |   4 |  964.2 |
               +--------+--------+--------+--------+--------+-----+--------+

Top non-repeatable levels by time:
     D:3: 1385 daAuts
     D:1: 1235 daAuts
     D:2: 1097 daAuts
     D:4: 138 daAuts
